 Dungeon Sprint DCSS version 0.30-a0-596-g0af90f9a20 (webtiles) character file.

Game seed: 2244057008572838050

135 rocky1 the Geomancer (level 4, -6/25 HPs)
             Began as a Deep Elf Earth Elementalist on Jan 7, 2023.
             Engulfed by a smoke demon's steam (10 damage)
             ... summoned by a kobold demonologist
             ... in the Dungeon (Sprint III: "The Ten Rune Challenge").
             The game lasted 00:01:09 (239 turns).

rocky1 the Geomancer (Deep Elf Earth Elementalist)   Turns: 239, Time: 00:01:09

Health: -6/25      AC:  5    Str:  5    XL:     4   Next: 96%
Magic:  11/16      EV: 13    Int: 22    God:
Gold:   15         SH:  0    Dex: 15    Spells: 18/19 levels left

rFire   . . .      SeeInvis .    (no weapon)
rCold   . . .      Faith    .    (no shield)
rNeg    . . .      Spirit   .    a - +0 robe
rPois   .          Reflect  .    (no helmet)
rElec   .          Harm     .    j - +2 cloak
rCorr   .          Rampage  .    (no gloves)
Will    .....      NoTele   +    (no boots)
Stlth   +++                      (no amulet)
HPRegen 0.24/turn                (no ring)
MPRegen 0.15/turn                (no ring)

@: no status effects
A: no striking features
a: no special abilities


You were in the Dungeon.
You visited 1 branch You collected 15 gold pieces.

Inventory:

Armour
 a - a +0 robe (worn)
 j - a +2 cloak (worn)
Scrolls
 g - a scroll of blinking
 h - a scroll of fog {unknown}
 i - 5 scrolls of identify
 k - a scroll of immolation {unknown}
 m - a scroll of torment {unknown}
Potions
 b - 3 potions of magic
 c - a potion of curing
 d - 2 potions of heal wounds
 e - a potion of haste
 f - a potion of berserk rage
 l - a potion of flight {unknown}
 n - 6 potions of mutation


   Skills:
 * Level 1.0 Fighting
 + Level 3.9 Dodging
 + Level 4.2 Stealth
 + Level 8.1 Spellcasting
 + Level 1.5 Transmutations
 + Level 8.2 Earth Magic


You had 18 spell levels left.
You knew the following spells:

 Your Spells              Type           Power      Damage    Failure   Level
a - Sandblast             Erth           90%        2d19      1%          1

Your spell library contained the following spells:

 Spells                   Type           Power      Damage    Failure   Level
 Passwall                 Tmut/Erth      25%        N/A       1%          2
 Stone Arrow              Conj/Erth      52%        3d10      4%          3
 Petrify                  Tmut/Erth      30%        N/A       10%         4


Dungeon Overview and Level Annotations

Branches:
Dungeon (1/1)

Altars:
Kikubaaqudgha
Sif Muna
Vehumet


Message History

A kobold demonologist comes into view. It is wielding a +0 dagger.
The wizard casts a spell.
The wizard flickers and vanishes!
Deactivating autopickup; reactivate with Ctrl-A.
Found a book of Dreams.
Found three altars.
Aiming: Sandblast (safe; 1% risk of failure)
Press: ? - help, Q - select action Shift-Dir - straight line, f - kobold demonologist
Aim: a kobold demonologist, wielding a +0 dagger and wearing a +0 robe (79% to hit)
The blast of sand hits something!
Reactivating autopickup.
You feel a bit more experienced.
The kobold demonologist looks braver for a moment.
The kobold demonologist gestures wildly while chanting.
Your Fighting skill increases to level 1!
Your Spellcasting skill increases to level 8!
Your Earth Magic skill increases to level 8!
Aiming: Sandblast (safe; 1% risk of failure)
Press: ? - help, Q - select action Shift-Dir - straight line, f/p - kobold demonologist
Aim: a kobold demonologist, wielding a +0 dagger and wearing a +0 robe (79% to hit)
The blast of sand hits the kobold demonologist!
The kobold demonologist is almost dead.
Aiming: Sandblast (safe; 1% risk of failure)
Press: ? - help, Q - select action Shift-Dir - straight line, f/p - kobold demonologist
Aim: a kobold demonologist, wielding a +0 dagger and wearing a +0 robe (almost dead, 79% to hit)
The blast of sand hits the smoke demon!
The smoke demon is moderately wounded.
The smoke demon gestures at you. The ball of steam hits you!
Ouch! That really hurt!
The kobold demonologist mumbles some strange words.
The smoke demon hits you.
* * * LOW HITPOINT WARNING * * *
The smoke demon misses you. The smoke demon closely misses you.
Aiming: Sandblast (safe; 1% risk of failure)
Press: ? - help, Q - select action Shift-Dir - straight line, f/p - kobold demonologist
Aim: a kobold demonologist, wielding a +0 dagger and wearing a +0 robe (almost dead, 79% to hit)
The blast of sand hits the smoke demon!
The smoke demon is heavily wounded.
You are engulfed in a cloud of scalding steam.
You die...

.#...#### ##.#
.#......#####..#
##.......#..#..#
.##.##..†#..#..###+#+###
.##.###..##'#..#........
####.##..###...'.⌠......
##..##..####...#§§.#####
....##..###....#§§.#
#..##...##.....#@5.#
..##....#†.)...#3###
.###..##.#.....#K) .#
#.. ####....#___ ▓▓ ▓▓▓
▓▓▓▓▓▓▓▓▓▓


You could see a kobold demonologist, a smoke demon (summoned) and a shadow imp
(summoned).

Vanquished Creatures
  A water elemental (D)
  Crazy Yiuf (D)
  A wizard (D)
  A human (D)
  An endoplasm (D)
  3 rats (D)
8 creatures vanquished.

Notes
Turn   | Place    | Note
-------+----------+-------------------------------------------
     0 | D        | rocky1 the Deep Elf Earth Elementalist began the quest for
                  | the Orb.
     0 | D        | Reached XP level 1. HP: 10/10 MP: 6/6
    84 | D        | Reached skill level 5 in Spellcasting
    84 | D        | Reached skill level 5 in Earth Magic
    84 | D        | Reached XP level 2. HP: 7/15 MP: 1/10
   152 | D        | Noticed Crazy Yiuf
   154 | D        | Killed Crazy Yiuf
   155 | D        | Reached XP level 3. HP: 19/19 MP: 8/12
   187 | D        | Noticed a water elemental
   190 | D        | Killed a water elemental
   191 | D        | Reached XP level 4. HP: 24/24 MP: 9/15
   235 | D        | Found a radiant altar of Vehumet.
   235 | D        | Found a shimmering blue altar of Sif Muna.
   235 | D        | Found an ancient bone altar of Kikubaaqudgha.
   235 | D        | Noticed a wizard
   236 | D        | Killed a wizard
   237 | D        | Reached skill level 1 in Fighting
   237 | D        | Noticed a smoke demon
   239 | D        | Engulfed by a smoke demon's steam

Illustrated notes

Levels and vault maps discovered:
D:        dungeon_sprint_mu [sprint_mu_entry_cave, sprint_mu_temple_rooms,
          sprint_mu_d1_spiders, sprint_mu_d2_genie, sprint_mu_d3_branching,
          sprint_mu_orc_legion, sprint_mu_elf_gauntlet, sprint_mu_hive_nellie,
          sprint_mu_lair_fedhas, sprint_mu_vaults_butterflies,
          sprint_mu_slime_circle, sprint_mu_swamp_cave, sprint_mu_snake_twists,
          sprint_mu_blade_basic, sprint_mu_crypt_lich, sprint_mu_tomb_spiral,
          sprint_mu_vestibule_basic, sprint_mu_gehenna_hellfire,
          sprint_mu_dis_giant, sprint_mu_tartarus_statrot,
          sprint_mu_cocytus_islands, sprint_mu_zot1]

Skill      XL: |  1  2  3  4 |
---------------+-------------+-----
Spellcasting   | 5 6 7 8 |  8.1
Dodging        | 3 |  3.9
Stealth        | 3 4 |  4.2
Earth Magic    | 5 6 7 8 |  8.2
Fighting       | 1 |  1.0
Transmutations | |  1.5

Action                   |  1- 3 |  4- 6 || total
-------------------------+-------+-------++-------
 Cast: Sandblast         |    15 |     4 ||    19
Armor: Robe              |     2 |       ||     2
Dodge: Dodged            |     2 |     2 ||     4

Table legend: (Time is in decaauts)
 A = Elapsed time spent in this place.
 B = Non-inter-level travel time spent in this place.
 C = Inter-level travel time spent in this place.
 D = Time resting spent in this place.
 E = Time spent auto-exploring this place.
 F = Levels seen in this place.
 G = Mean time per level.
                   A        B        C        D        E       F      G
               +--------+--------+--------+--------+--------+-----+--------+
         Total |    248 |    248 |      0 |    107 |     46 |   1 |  248.0 |
       Dungeon |    248 |    248 |      0 |    107 |     46 |   1 |  248.0 |
               +--------+--------+--------+--------+--------+-----+--------+

Top non-repeatable levels by time:
       D: 248 daAuts
